 Dungeon Crawl Stone Soup version 0.20.1-1-g8b1a95d (webtiles) character file.

11767 Lanoc the Grappler (level 11, -4/109 HPs)
             Began as a Troll Monk on Dec 9, 2017.
             Was a High Priest of Nemelex Xobeh.
             Slain by a white ugly thing (30 damage)
             ... on level 12 of the Dungeon on Dec 10, 2017.
             The game lasted 00:49:43 (9362 turns).

Lanoc the Grappler (Troll Monk)                     Turns: 9362, Time: 00:49:44

Health: -4/109     AC: 10    Str: 21      XL:     11   Next: 53%
Magic:  23/23      EV: 13    Int:  4 (6)  God:    Nemelex Xobeh [*****.]
Gold:   754        SH:  0    Dex: 13 (15) Spells: 9/10 levels left

rFire    . . .     SeeInvis .     - Unarmed
rCold    . . .     Gourm    +   (no shield)
rNeg     . . .     Faith    .   T - +0 troll leather armour
rPois    +         Spirit   .   (helmet restricted)
rElec    .         Reflect  .   k - +2 cloak "Julos" {rPois Slay+5}
rCorr    .         Harm     .   (gloves unavailable)
MR       .....                  (boots unavailable)
Stlth    +.........             (no amulet)
Regen    1.1/turn               O - ring of flight
MPRegen  0.2/turn               H - ring of magical power

@: no status effects
A: unfitting armour, claws 3, fast metabolism 3, gourmand, regeneration 1,
shaggy fur 1, tough skin 2
a: Triple Draw, Deal Four, Stack Five, Renounce Religion, Evoke Flight


You were on level 12 of the Dungeon.
You worshipped Nemelex Xobeh.
Nemelex Xobeh was extremely pleased with you.
You were very full.

You visited 2 branches of the dungeon, and saw 13 of its levels.

You collected 754 gold pieces.

Inventory:

Hand Weapons
 a - a +0 blowgun
Missiles
 C - 7 large rocks (quivered)
Armour
 k - the +2 cloak "Julos" (worn) {rPois Slay+5}
   (You acquired it on level 8 of the Dungeon)

   It affects your accuracy and damage with ranged weapons and melee attacks
   (+5).
   It protects you from poison.
 y - a +2 robe of cold resistance
 A - the +0 cloak of Wilouh {+Blink rPois rC+}
   (You found it on level 5 of the Dungeon)

   It protects you from cold.
   It protects you from poison.
   It lets you blink.
 T - a +0 troll leather armour (worn)
Jewellery
 H - a ring of magical power (right claw)
 O - a ring of flight (left claw)
Wands
 h - a wand of flame (6/48)
 L - a wand of confusion (48/48)
 V - a wand of iceblast (6/15)
Scrolls
 c - 2 scrolls of immolation {unknown}
 f - 3 scrolls of remove curse
 i - 4 scrolls of fear
 o - a scroll of enchant weapon {unknown}
 p - 3 scrolls of blinking
 u - 7 scrolls of teleportation
 z - 3 scrolls of fog
 F - 3 scrolls of enchant armour
 Q - a scroll of vulnerability {unknown}
 X - 2 scrolls of amnesia
Potions
 d - 2 potions of haste
 e - 2 potions of heal wounds
 j - 2 potions of flight
 l - 3 potions of might
 m - a potion of agility
 n - 3 potions of curing
 r - a potion of cancellation
 v - a potion of magic
 M - a potion of brilliance
Books
 Z - a book of Changes

   Spells                             Type                      Level
   a - Beastly Appendage              Transmutation                1
   b - Sticks to Snakes               Transmutation                2
   c - Spider Form                    Transmutation/Poison         3
   d - Ice Form                       Ice/Transmutation            4
   e - Blade Hands                    Transmutation                5
Miscellaneous
 g - an ornate deck of escape
 q - a plain deck of escape
 t - an ornate deck of destruction {drawn: 2}
 w - an ornate deck of destruction
 D - an ornate deck of escape
 J - a plain deck of destruction {drawn: 1}
 R - a legendary deck of destruction
 S - a plain deck of summoning {drawn: 4}
 Y - an ornate deck of destruction
Comestibles
 b - 13 bread rations
 s - 3 meat rations
 E - 9 chunks of flesh
 G - 11 royal jellies
 K - a fruit


   Skills:
 + Level 7.0 Fighting
 + Level 6.7 Throwing
 + Level 6.8 Dodging
 - Level 1.0 Stealth
 * Level 11.3 Unarmed Combat
 + Level 1.3 Transmutations
 + Level 6.1 Invocations


You had 9 spell levels left.
You knew the following spells:

 Your Spells              Type           Power        Failure   Level  Hunger
a - Beastly Appendage     Tmut           #.....       36%         1    ##.....


Dungeon Overview and Level Annotations

Branches:
Dungeon (12/15)            Temple (1/1) D:5            Lair (0/6) D:10
    Orc (0/2) D:10

Altars:
Ashenzari
Cheibriados
Dithmenos
Elyvilon
Fedhas
Gozag
Hepliaklqana
Kikubaaqudgha
Makhleb
Nemelex Xobeh
Okawaru
Qazlal
Ru
Sif Muna
Trog
Uskayaw
Vehumet
Xom
Yredelemnul
Zin
The Shining One

Shops:
D:6 [   D:10 [


Innate Abilities, Weirdness & Mutations

You are too large for most types of armour.
You have claws for hands.
Your metabolism is lightning-fast.
You like to eat raw meat.
Your natural rate of healing is unusually fast.
You are covered in fur. (AC +1)
You have very tough skin. (AC +2)


Message History

You barely miss the white ugly thing.
The white ugly thing is heavily wounded.
The white ugly thing headbutts you. The white ugly thing freezes you!!
You claw the white ugly thing!
The white ugly thing is severely wounded.
You claw the white ugly thing!
The white ugly thing is severely wounded.
The white ugly thing barely misses you.
You completely miss the white ugly thing.
The white ugly thing is severely wounded.
The white ugly thing headbutts you! The white ugly thing freezes you!!
Evoke which item? (* to show all) (? for menu, Esc to quit)
You draw a card...
It is the Dance.
The white ugly thing headbutts you. The white ugly thing freezes you!!
* * * LOW HITPOINT WARNING * * *
You feel much better. The white ugly thing headbutts you!
* * * LOW HITPOINT WARNING * * *
The white ugly thing freezes you!!
You die...
Your body glows with a rainbow of weird colours and disappears.

#.........# #..#
#......... ##.## #........
#..# # #.......### #..# ##
#.........## #..# #.
####...........#####.####.
.........###......#..###..
.......(.u# #.....).##...
#######..@## ##...)<.##...
##...####......#....
#...##............#
###................##
##..................#
##..................##
#...................#
#......>.........#.##
##..............(#..#


You could see a white ugly thing and a friendly hand axe of venom.

Vanquished Creatures
  A two-headed ogre (D:8)
  Pikel (D:5)
  An ugly thing (D:11)
  A cyclops (D:11)
  Joseph (D:8)
  A rime drake (D:11)
  The ghost of Doomgape the Cutter, an amateur DDAr (D:4)
  A troll (D:10)
  A slime creature (D:11)
  2 hippogriffs
  2 water elementals (D:11)
  7 yaks
  A hungry ghost (D:7)
  Menkaure (D:7)
  A black bear (D:8)
  5 orc warriors
  3 ice beasts
  2 sky beasts (D:11)
  A phantom (D:8)
  The ghost of AdmiralAndromeda the Chopper, an amateur HOMo of Makhleb (D:3)
  A necrophage (D:12)
  10 ogres
  A crocodile (D:7)
  8 centaurs
  A big kobold (D:9)
  7 bullfrogs
  A water moccasin zombie (D:12)
  A scorpion (D:5)
  7 killer bees (D:9)
  2 wights (D:7)
  4 electric eels
  3 howler monkeys
  5 crimson imps
  5 hounds
  5 orc priests
  3 jellies (D:11)
  A bullfrog zombie (D:9)
  2 bullfrog skeletons
  Jessica (D:3)
  An orc wizard (D:8)
  11 worker ants
  2 howler monkey zombies
  A gnoll (D:4)
  13 adders
  3 shadow imps
  7 oozes
  An adder zombie (D:4)
  3 worms
  2 dart slugs
  5 leopard geckos
  36 orcs
  A ball python (D:3)
  6 giant cockroaches
  7 goblins
  7 hobgoblins
  10 jackals
  13 kobolds
  4 quokkas
  11 bats
  11 frilled lizards
  A leopard gecko zombie (D:5)
  A quokka skeleton (D:6)
  8 rats
268 creatures vanquished.

Vanquished Creatures (collateral kills)
  A hydra (D:12)
  The ghost of AdmiralAndromeda the Grappler, a novice TrBe of Trog (D:7)
  An orc knight (D:10)
  A troll (D:10)
  4 orc warriors (D:10)
  3 slaves (D:5)
  A centaur (D:10)
  3 killer bees (D:9)
  7 wights
  An electric eel (D:11)
  A howler monkey (D:4)
  A crimson imp (D:9)
  3 gnolls (D:4)
  5 orcs
33 creatures vanquished.

Vanquished Creatures (others)
  2 wights (D:7)
  An electric eel (D:11)
  2 ball lightnings
  A bush (D:5)
6 creatures vanquished.

Grand Total: 307 creatures vanquished

Notes
Turn   | Place    | Note
-------+----------+-------------------------------------------
     0 | D:1      | Lanoc the Troll Monk began the quest for the Orb.
     0 | D:1      | Reached XP level 1. HP: 22/22 MP: 0/0
    77 | D:1      | Reached XP level 2. HP: 29/29 MP: 1/1
   761 | D:2      | Reached XP level 3. HP: 35/36 MP: 2/2
   872 | D:2      | Reached skill level 4 in Unarmed Combat
   927 | D:2      | Reached skill level 1 in Throwing
   927 | D:2      | Reached XP level 4. HP: 40/44 MP: 3/3
  1479 | D:3      | Noticed AdmiralAndromeda's ghost (amateur HOMo)
  1490 | D:3      | Killed AdmiralAndromeda's ghost
  1490 | D:3      | Reached XP level 5. HP: 51/53 MP: 4/4
  1803 | D:3      | Found a sparkling altar of Nemelex Xobeh.
  1803 | D:3      | Noticed Jessica
  1810 | D:3      | Killed Jessica
  1813 | D:3      | Became a worshipper of Nemelex Xobeh the Trickster
  1813 | D:3      | Received a gift from Nemelex Xobeh
  1813 | D:3      | Reached * piety under Nemelex Xobeh
  1813 | D:3      | Received a gift from Nemelex Xobeh
  1813 | D:3      | Reached ** piety under Nemelex Xobeh
  1985 | D:3      | Received a gift from Nemelex Xobeh
  2157 | D:4      | Reached skill level 5 in Unarmed Combat
  2157 | D:4      | Reached XP level 6. HP: 18/61 MP: 5/5
  2277 | D:4      | Noticed Doomgape's ghost (amateur DDAr)
  2287 | D:4      | Killed Doomgape's ghost
  2287 | D:4      | Reached XP level 7. HP: 42/68 MP: 6/6
  2440 | D:4      | Received a gift from Nemelex Xobeh
  2500 | D:4      | Reached *** piety under Nemelex Xobeh
  2616 | D:4      | Received a gift from Nemelex Xobeh
  2865 | D:4      | Reached skill level 6 in Unarmed Combat
  2865 | D:4      | Reached skill level 1 in Invocations
  3100 | D:5      | Entered Level 5 of the Dungeon
  3254 | D:5      | Found a staircase to the Ecumenical Temple.
  3377 | D:5      | Noticed Pikel
  3389 | D:5      | Killed Pikel
  3389 | D:5      | Reached skill level 7 in Unarmed Combat
  3389 | D:5      | Reached XP level 8. HP: 75/79 MP: 8/8
  3422 | D:5      | Received a gift from Nemelex Xobeh
  3450 | D:5      | Got a warped cloak
  3456 | D:5      | Identified the cursed +0 cloak of Wilouh {+Blink rPois rC+} (You found it on level 5 of the Dungeon)
  3483 | Temple   | Entered the Ecumenical Temple
  4112 | D:6      | Received a gift from Nemelex Xobeh
  4178 | D:6      | Reached **** piety under Nemelex Xobeh
  4229 | D:6      | Found Woerea Migg's Armour Shop.
  4489 | D:6      | Received a gift from Nemelex Xobeh
  4663 | D:7      | Noticed Joseph
  4704 | D:7      | Noticed Menkaure
  4716 | D:7      | Killed Menkaure
  4716 | D:7      | Reached skill level 8 in Unarmed Combat
  4716 | D:7      | Reached XP level 9. HP: 41/87 MP: 10/10
  4806 | D:7      | Reached skill level 5 in Fighting
  5080 | D:7      | Reached skill level 5 in Dodging
  5150 | D:7      | Noticed AdmiralAndromeda's ghost (novice TrBe)
  5177 | D:7      | Killed AdmiralAndromeda's ghost
  5406 | D:7      | Reached skill level 5 in Throwing
  5406 | D:7      | Reached skill level 9 in Unarmed Combat
  5687 | D:8      | Noticed a two-headed ogre
  5699 | D:8      | Killed a two-headed ogre
  5699 | D:8      | Reached XP level 10. HP: 98/98 MP: 12/12
  5836 | D:8      | Identified a scroll of acquirement
  5837 | D:8      | Got a fine cloak
  5848 | D:8      | Identified the +2 cloak "Julos" {rPois Slay+5} (You acquired it on level 8 of the Dungeon)
  5871 | D:8      | Received a gift from Nemelex Xobeh
  5946 | D:8      | Killed Joseph
  6106 | D:8      | Received a gift from Nemelex Xobeh
  6428 | D:9      | Reached skill level 5 in Invocations
  6569 | D:9      | Received a gift from Nemelex Xobeh
  6604 | D:9      | Reached ***** piety under Nemelex Xobeh
  7304 | D:9      | Reached skill level 10 in Unarmed Combat
  7318 | D:10     | Entered Level 10 of the Dungeon
  7435 | D:10     | Received a gift from Nemelex Xobeh
  7467 | D:10     | Noticed an orc knight
  7487 | D:10     | Killed an orc knight
  7499 | D:10     | Found a staircase to the Orcish Mines.
  7499 | D:10     | Found Jogoziff's Armour Shop.
  7756 | D:10     | Found a staircase to the Lair.
  8088 | D:11     | Noticed a cyclops
  8099 | D:11     | Killed a cyclops
  8326 | D:11     | Reached XP level 11. HP: 100/107 MP: 14/14
  8762 | D:11     | Received a gift from Nemelex Xobeh
  8796 | D:11     | Learned a level 1 spell: Beastly Appendage
  8984 | D:11     | Reached skill level 11 in Unarmed Combat
  9038 | D:11     | Noticed a brown ugly thing
  9048 | D:11     | Killed a brown ugly thing
  9184 | D:12     | Noticed an eight-headed hydra
  9192 | D:12     | Killed an eight-headed hydra
  9194 | D:12     | Reached skill level 1 in Transmutations
  9228 | D:12     | Received a gift from Nemelex Xobeh
  9348 | D:12     | Noticed a white ugly thing
  9362 | D:12     | Slain by a white ugly thing

Skill      XL: |  1  2  3  4  5  6  7  8  9 10 11 |
---------------+----------------------------------+-----
Unarmed Combat | 4 5 7 8 9 10 11 | 11.3
Throwing       | 1 2 3 4 5 6 |  6.7
Fighting       | 3 4 5 6 7 |  7.0
Dodging        | 3 4 5 6 |  6.8
Invocations    | 2 3 4 5 6 |  6.1
Transmutations | 1 |  1.3
Stealth        | |  1.0

Action                   |  1- 3 |  4- 6 |  7- 9 | 10-12 || total
-------------------------+-------+-------+-------+-------++-------
Melee: Unarmed           |   114 |   121 |   283 |   281 ||   799
       Punch             |       |     3 |    16 |    18 ||    37
Throw: Large rock        |       |       |       |     6 ||     6
       Tomahawk          |       |       |       |     3 ||     3
Evoke: Deck              |       |       |    15 |    22 ||    37
  Use: Scroll            |       |       |     7 |     9 ||    16
       Potion            |       |       |       |     7 ||     7
 Stab: Sleeping          |     2 |     3 |     3 |     1 ||     9
       Petrified         |       |       |     1 |       ||     1
  Eat: Chunk             |    14 |    13 |    31 |    33 ||    91
Armor: Robe              |    61 |    47 |    68 |    33 ||   209
       Troll leather arm |       |       |       |    33 ||    33
Dodge: Dodged            |    98 |    67 |   122 |   145 ||   432
